 Dungeon Crawl Stone Soup version 0.23-a0-175-g97aacdb (webtiles) character file.

1354 chonchonts the Basher (level 8, -1/73 HPs)
             Began as a Minotaur Berserker on Sept 16, 2018.
             Was an Elder of Trog.
             Slain by a centaur (7 damage)
             ... on level 6 of the Dungeon.
             The game lasted 00:08:37 (5115 turns).

chonchonts the Basher (Minotaur Berserker)          Turns: 5115, Time: 00:08:38

Health: -1/73      AC:  7    Str: 24    XL:     8   Next: 37%
Magic:  7/7        EV: 11    Int:  9    God:    Trog [****..]
Gold:   215        SH:  0    Dex: 10    Spells: 7/7 levels left

rFire    . . .     SeeInvis .   a - +0 mace
rCold    + . .     Gourm    .   (no shield)
rNeg     . . .     Faith    .   d - +0 ring mail
rPois    .         Spirit   .   (helmet restricted)
rElec    .         Reflect  .   (no cloak)
rCorr    .         Harm     .   p - +0 pair of gloves
MR       .....                  (no boots)
Stlth    ..........             (no amulet)
HPRegen  0.22/turn              i - ring of protection from cold
MPRegen  0.10/turn              (no ring)

@: brilliant, lethally poisoned (-1 -> -1), berserk cooldown, slowed, very slow
A: retaliatory headbutt, horns 2
a: Berserk, Trog's Hand, Brothers in Arms, Renounce Religion


You were on level 6 of the Dungeon.
You worshipped Trog.
Trog was greatly pleased with you.
You were very hungry.

You visited 1 branch of the dungeon, and saw 6 of its levels.

You collected 215 gold pieces.

Inventory:

Hand Weapons
 a - a +0 mace (weapon)
Armour
 d - a +0 ring mail (worn)
 p - a +0 pair of gloves (worn)
Jewellery
 i - a ring of protection from cold (left hand)
Wands
 q - a wand of enslavement (20)
 x - a wand of iceblast (5)
Scrolls
 b - a scroll of enchant armour {unknown}
 f - 5 scrolls of remove curse {unknown}
 g - 10 scrolls of identify
 h - 8 scrolls of teleportation
 j - 2 scrolls of magic mapping
 l - a scroll of random uselessness {unknown}
 o - 2 scrolls of fog {unknown}
 t - a scroll of blinking {unknown}
 w - a scroll of vulnerability {unknown}
Potions
 e - a potion of mutation
 k - a potion of brilliance
 m - 3 potions of lignification {unknown}
 n - a potion of haste {unknown}
 s - 2 potions of cancellation {unknown}
 u - a potion of resistance {unknown}
 v - 2 potions of curing {unknown}
Comestibles
 c - 5 rations
 r - 4 chunks of flesh


   Skills:
 - Level 7.0 Fighting
 + Level 10.3 Maces & Flails
 + Level 5.0 Armour
 - Level 2.1 Dodging


You had 7 spell levels left.
You didn't know any spells.
Your spell library was empty.

Dungeon Overview and Level Annotations

Branches:
Dungeon (6/15)             Temple (0/1) D:6

Altars:
Makhleb
Qazlal
Sif Muna
Uskayaw

Annotations:
D:4 2 transporters, Arum's ghost, amateur FoFi


Innate Abilities, Weirdness & Mutations

You reflexively headbutt those who attack you in melee.
You have a pair of horns on your head.


Message History

The centaur shoots an arrow.
The arrow barely misses you.
The centaur shoots an arrow.
The arrow hits you!
You see here 2 arrows.
You feel sick.
The centaur shoots an arrow.
The arrow hits you!
* * * LOW HITPOINT WARNING * * *
The centaur shoots an arrow.
The arrow hits you but does no damage.
You see here 3 arrows.
The centaur shoots an arrow.
The arrow barely misses you.
The centaur shoots an arrow.
The arrow hits you!
* * * LOW HITPOINT WARNING * * *
You see here 2 arrows.
You feel sick.
The centaur unwields an uncursed shortbow.
The centaur barely misses you. The centaur hits you.
* * * LOW HITPOINT WARNING * * *
You see here a scorpion corpse.
It was a potion of brilliance.
You feel clever all of a sudden. The centaur hits you!
You die...

######### .# #.# ####.
.... ... # ###.... #.#.#
#.# #.#####...###
.h...... #.......###
#.#.#.## ####..####
...... #........##
#.#.#.#c#####.######..#
........@(((..#######.###
#.#.#.#.######.....#...^.
....>. #..........#
#.#.#.## #...>.####..
........ #>....# ###
#.#.# #.# #....(## # ....
... #....(.##### .# #.#
#..........#
#####[.(..####..


You could see a centaur.

Vanquished Creatures
  A hungry ghost (D:4)
  A water moccasin (D:6)
  A black bear (D:4)
  An ogre (D:4)
  2 bullfrogs (D:6)
  3 scorpions
  A howler monkey (D:6)
  A crimson imp (D:6)
  An orc priest (D:3)
  2 centaur skeletons
  A bullfrog skeleton (D:6)
  An iguana (D:6)
  5 orc wizards
  4 worker ants
  A hound zombie (D:5)
  7 adders
  A howler monkey skeleton (D:3)
  2 oozes
  5 dart slugs
  2 leopard geckos
  15 orcs
  8 bats
  8 giant cockroaches
  12 goblins
  8 hobgoblins
  6 jackals
  2 quokkas (D:6)
  6 frilled lizards
  8 kobolds
  9 rats
125 creatures vanquished.

Notes
Turn   | Place    | Note
-------+----------+-------------------------------------------
     0 | D:1      | chonchonts the Minotaur Berserker began the quest for the
                  | Orb.
     0 | D:1      | Reached XP level 1. HP: 19/19 MP: 0/0
    71 | D:1      | Reached skill level 4 in Maces & Flails
   100 | D:1      | Reached XP level 2. HP: 15/26 MP: 1/1
   965 | D:2      | Reached XP level 3. HP: 34/34 MP: 2/2
  1039 | D:2      | Reached ** piety under Trog
  1059 | D:2      | Reached skill level 5 in Fighting
  1318 | D:2      | Reached XP level 4. HP: 40/42 MP: 3/3
  1737 | D:3      | Found a burning altar of Makhleb.
  1737 | D:3      | Found a deep blue altar of Sif Muna.
  1820 | D:3      | Reached XP level 5. HP: 31/51 MP: 4/4
  2030 | D:3      | Reached *** piety under Trog
  2379 | D:3      | Reached skill level 5 in Maces & Flails
  3140 | D:4      | Noticed a black bear
  3150 | D:4      | Killed a black bear
  3150 | D:4      | Reached skill level 6 in Maces & Flails
  3150 | D:4      | Reached XP level 6. HP: 60/60 MP: 5/5
  3189 | D:4      | Noticed a troll
  3190 | D:4      | Found a transporter.
  3198 | D:4      | Found a transporter.
  3198 | D:4      | Noticed Arum's ghost (amateur FoFi)
  3528 | D:4      | Reached skill level 7 in Maces & Flails
  3596 | D:4      | Reached XP level 7. HP: 49/66 MP: 6/6
  3878 | D:4      | Noticed a hungry ghost
  3891 | D:4      | Killed a hungry ghost
  3891 | D:4      | Reached skill level 8 in Maces & Flails
  4000 | D:5      | Entered Level 5 of the Dungeon
  4220 | D:5      | Reached skill level 9 in Maces & Flails
  4333 | D:5      | Found a hide-covered altar of Uskayaw.
  4549 | D:6      | Reached **** piety under Trog
  4814 | D:6      | Found a staircase to the Ecumenical Temple.
  4827 | D:6      | Reached XP level 8. HP: 56/73 MP: 7/7
  5001 | D:6      | Found a stormy altar of Qazlal.
  5091 | D:6      | Reached skill level 10 in Maces & Flails
  5105 | D:6      | Reached skill level 5 in Armour
  5115 | D:6      | Slain by a centaur

Vault maps used:
D:1:      minmay_arrival_jagged
D:2:      minmay_misc_feat_five
D:3:      gammafunk_temple_overflow_wave, kennysheep_generic_room_11
D:4:      gammafunk_ghost_arena, amethyst_killhole, bh_chokoban
D:5:      eat_drink_and_be_merry_uskayaw, first_ration
D:6:      grunt_qazlal_clouds, minmay_temple_entry_statues_fountains,
          st_stairs_11

Skill      XL: |  1  2  3  4  5  6  7  8 |
---------------+-------------------------+-----
Maces & Flails | 4 6 7 9 10 | 10.3
Fighting       | 4 5 6 7 |  7.0
Armour         | 3 5 |  5.0
Dodging        | |  2.1

Action                   |  1- 3 |  4- 6 |  7- 9 || total
-------------------------+-------+-------+-------++-------
Melee: Mace              |    82 |   123 |   129 ||   334
       Headbutt          |     9 |    15 |    19 ||    43
Invok: Berserk           |       |     1 |     2 ||     3
  Use: Scroll            |     5 |     1 |       ||     6
       Potion            |     1 |       |     1 ||     2
  Eat: Chunk             |     1 |     8 |     3 ||    12
       Ration            |       |       |     2 ||     2
Armor: Animal skin       |    10 |       |       ||    10
       Ring mail         |    21 |    43 |    37 ||   101
Dodge: Dodged            |    63 |    64 |    43 ||   170
Block: Large shield      |       |     9 |    47 ||    56

Table legend:
 A = Non-vault XP
 B = Vault XP
 C = Vault XP percentage of total XP
 D = Non-vault monster count
 E = Vault monster count
 F = Vault count percentage of total count
                 A         B        C        D         E       F
            +---------+---------+-------+---------+---------+-------
      Total |    1687 |     248 |  12.8 |     120 |       5 |   4.0
            +---------+---------+-------+---------+---------+-------
        D:1 |      37 |       0 |   0.0 |      22 |       0 |   0.0
        D:2 |      78 |       0 |   0.0 |      28 |       0 |   0.0
        D:3 |     236 |       1 |   0.4 |      29 |       1 |   3.3
        D:4 |     589 |       0 |   0.0 |      13 |       0 |   0.0
        D:5 |     196 |       0 |   0.0 |      11 |       0 |   0.0
        D:6 |     551 |     247 |  31.0 |      17 |       4 |  19.0
            +---------+---------+-------+---------+---------+-------
